 Dungeon Crawl Stone Soup version 0.27-a0-1140-g099f9bb0e8 (webtiles) character file.

Game seed: 1821767622597816679

53 Flubber the Magician (level 3, -12/21 HPs)
             Began as an Octopode Hedge Wizard on May 9, 2021.
             Mangled by Sigmund
             ... wielding a +0 scythe
              (21 damage)
             ... on level 2 of the Dungeon.
             The game lasted 00:08:00 (2209 turns).

Flubber the Magician (Octopode Hedge Wizard)        Turns: 2209, Time: 00:08:01

Health: -12/21     AC:  1    Str:  9    XL:     3   Next: 87%
Magic:  1/7        EV: 13    Int: 17    God:
Gold:   12         SH:  0    Dex: 11    Spells: 0/8 levels left

rFire    . . .     SeeInvis .   a - +0 dagger
rCold    . . .     Faith    .   (no shield)
rNeg     . . .     Spirit   .   b - +0 hat
rPois    .         Reflect  .   f - amulet of regeneration
rElec    .         Harm     .   (no ring)
rCorr    .         Rampage  .   (no ring)
Will     .....                  (no ring)
Stlth    ++........             (no ring)
HPRegen  1.07/turn              (no ring)
MPRegen  0.10/turn              (no ring)
                                (no ring)
                                (no ring)

@: confused
A: almost no armour, amphibious, 8 rings, camouflage 1, gelatinous body 1,
(nimble swimmer 1), tentacles
a: no special abilities


You were on level 2 of the Dungeon.
You visited 1 branch of the dungeon, and saw 2 of its levels.

You collected 12 gold pieces.

Inventory:

Hand Weapons
 a - a +0 dagger (weapon)
Armour
 b - a +0 hat (worn)
Jewellery
 f - an amulet of regeneration (around mantle)
Potions
 c - a potion of degeneration {unknown}
 e - a potion of brilliance
 h - a potion of berserk rage {unknown}


   Skills:
 + Level 2.5 Dodging
 - Level 2.6 Stealth
 - Level 3.0 Spellcasting
 * Level 2.6 Conjurations
 + Level 1.9 Summonings
 - Level 1.0 Translocations


You couldn't memorise any spells.
You knew the following spells:

 Your Spells              Type           Power      Damage    Failure   Level
a - Magic Dart            Conj           44%        1d5       6%          1
b - Call Imp              Summ           9%         N/A       12%         2
c - Blink                 Tloc           N/A        N/A       17%         2
d - Mephitic Cloud        Conj/Pois/Air  5%         N/A       36%         3

Your spell library contained the following spells:

 Spells                   Type           Power      Damage    Failure   Level
 Slow                     Hex            2%         N/A       26%         2
 Conjure Flame            Conj/Fire      7%         6-21      30%         3


Dungeon Overview and Level Annotations

Branches:
Dungeon (2/15)

Altars:

Annotations:
D:2 Sigmund


Innate Abilities, Weirdness & Mutations

You cannot wear most types of armour.
You are amphibious.
You can wear up to eight rings at the same time.
Your skin changes colour to match your surroundings (Stealth+).
Your rubbery body absorbs attacks. (AC +1, EV +1)
((You are camouflaged near water. (Stealth+)))
You have tentacles for arms and can constrict up to eight enemies at once.


Message History

Confirm with . or Enter, or press ? or * to list all spells.
Aiming: Magic Dart (safe; 6% risk of failure)
Press: ? - help, Shift-Dir - straight line, f/p - Sigmund
Aim: Sigmund, wielding a +0 scythe and wearing a +0 robe (moderately wounded, 100% to hit)
The magic dart hits Sigmund.
Sigmund is heavily wounded.
The bat hits you but does no damage.
Casting: Magic Dart (safe; 6% risk of failure)
Confirm with . or Enter, or press ? or * to list all spells.
Aiming: Magic Dart (safe; 6% risk of failure)
Press: ? - help, Shift-Dir - straight line, f/p - Sigmund
Aim: Sigmund, wielding a +0 scythe and wearing a +0 robe (heavily wounded, 100% to hit)
The magic dart hits Sigmund.
Sigmund is heavily wounded.
The bat hits you but does no damage.
Sigmund points at you and mumbles some strange words.
The magic dart hits you!
Casting: Magic Dart (safe; 6% risk of failure)
Confirm with . or Enter, or press ? or * to list all spells.
Aiming: Magic Dart (safe; 6% risk of failure)
Press: ? - help, Shift-Dir - straight line, f/p - Sigmund
Aim: Sigmund, wielding a +0 scythe and wearing a +0 robe (heavily wounded, 100% to hit)
The magic dart hits Sigmund.
Sigmund is severely wounded.
The bat closely misses you.
Sigmund drinks a potion.
Sigmund seems to grow stronger.
Sigmund hits you with a +0 scythe!
You closely miss Sigmund. Your grab misses Sigmund.
Sigmund is severely wounded.
The bat hits you but does no damage.
Sigmund points at you and mumbles some strange words.
You are confused.
You miss Sigmund.
Sigmund is severely wounded.
The bat hits you but does no damage. The bat misses you.
Sigmund screams, "Don't try to resist!"
Sigmund barely misses you. The bat hits you.
Sigmund hits you with a +0 scythe!!
Ouch! That really hurt!
You die...

#..###.#.#.#.# ###
#...#(.###.#.# ..#
###..###.#$#.#.# #.#
#####..)....8....#.#
#.#
#........#!#.###....
#.# #.###.##.###.[#
.. #.####.#
#.##.#.#.###.
#.5....#
#...b........
#.####.#
#.##@@###.## #.#
#.........# .#
#.####.###.###.# .#
#5..##.# #.. ...
###.#.##.# #.##
#.#@.....# ..#
....###### ..#
........... ...
....#######


You could see Sigmund (strong) and a bat.

Vanquished Creatures
  A worm (D:2)
  3 ball pythons
  5 endoplasms
  A giant cockroach (D:1)
  3 hobgoblins (D:2)
  6 jackals (D:1)
  2 quokkas
  8 bats
  4 goblins
  4 kobolds
  3 rats
40 creatures vanquished.

Vanquished Creatures (collateral kills)
  An endoplasm (D:2)
  A hobgoblin (D:1)
  A jackal (D:1)
  A kobold (D:1)
  A ball python (D:1)
5 creatures vanquished.

Grand Total: 45 creatures vanquished

Notes
Turn   | Place    | Note
-------+----------+-------------------------------------------
     0 | D:1      | Flubber the Octopode Hedge Wizard began the quest for the
                  | Orb.
     0 | D:1      | Reached XP level 1. HP: 11/11 MP: 4/4
   182 | D:1      | Reached XP level 2. HP: 16/17 MP: 0/6
   185 | D:1      | Learned a level 2 spell: Call Imp
   188 | D:1      | Learned a level 2 spell: Blink
   750 | D:1      | Reached XP level 3. HP: 21/21 MP: 2/7
  1797 | D:2      | Noticed Sigmund
  2105 | D:2      | Learned a level 3 spell: Mephitic Cloud
  2209 | D:2      | Mangled by Sigmund

Illustrated notes

Levels and vault maps discovered:
D:1:      minmay_arrival_four_loops, layout_basic, minmay_distorted
D:2:      layout_loops_corners, minmay_heptomino_h4, uniq_sigmund

Skill      XL: |  1  2 |
---------------+-------+-----
Conjurations   | 2 |  2.6
Dodging        | |  2.5
Stealth        | |  2.6
Spellcasting   | |  3.0
Summonings     | |  1.9
Translocations | |  1.0

Action                   || total
-------------------------++-------
Melee: Dagger            ||    25
       Constrict         ||     9
       Tentacles         ||     7
 Cast: Magic Dart        ||    94
       Call Imp          ||     9
  Use: Scroll            ||     2
       Potion            ||     1
 Stab: Sleeping          ||     2
Armor: Skin              ||    11
Dodge: Dodged            ||    32

Table legend: (Time is in decaauts)
 A = Elapsed time spent in this place.
 B = Non-inter-level travel time spent in this place.
 C = Inter-level travel time spent in this place.
 D = Time resting spent in this place.
 E = Time spent auto-exploring this place.
 F = Levels seen in this place.
 G = Mean time per level.
                   A        B        C        D        E       F      G
               +--------+--------+--------+--------+--------+-----+--------+
         Total |   2208 |   2110 |     98 |    463 |   1247 |   2 | 1104.0 |
       Dungeon |   2208 |   2110 |     98 |    463 |   1247 |   2 | 1104.0 |
               +--------+--------+--------+--------+--------+-----+--------+

Top non-repeatable levels by time:
     D:1: 1425 daAuts
     D:2: 783 daAuts
